 Dungeon Crawl Stone Soup version 0.28.0 (webtiles) character file.

Game seed: 8032338256942258022

19203 jjjjhere the Severer (level 12, -5/106 HPs)
             Began as a Hill Orc Brigand on Feb 5, 2022.
             Was a Believer of Makhleb.
             Constricted to death by Jorgrun (11 damage)
             ... on level 2 of the Orcish Mines on Feb 6, 2022.
             The game lasted 00:38:29 (23176 turns).

jjjjhere the Severer (Hill Orc Brigand)            Turns: 23176, Time: 00:38:30

Health: -5/106     AC: 27    Str: 22    XL:     12   Next: 66%
Magic:  28/28      EV:  0    Int: 11    God:    Makhleb [**....]
Gold:   2405       SH: 11    Dex: 15    Spells: 11/11 levels left

rFire   . . .      SeeInvis .   O - +2 broad axe (venom)
rCold   + + .      Faith    +   e - +0 kite shield
rNeg    + + +      Spirit   .   L - +6 crystal plate armour "Vyamuodd" {*Corrode rN+++ MP+9 Slay-3}
rPois   .          Reflect  .   M - +1 hat "Cuser" {rF- rC++ Will++}
rElec   .          Harm     .   T - +0 cloak
rCorr   .          Rampage  +   t - +0 pair of gloves
Will    ++...                   P - +1 pair of boots {rampage}
Stlth   ..........              Q - amulet of Greater Demons {Faith rF+ Str+3 Dex+3}
HPRegen 0.27/turn               (no ring)
MPRegen 0.21/turn               (no ring)

@: lethally poisoned (-5 -> -9), about to teleport, grasped by roots, corroded,
attractive, hasted, constricted, very quick
A: no striking features
a: Renounce Religion, Minor Destruction


You were on level 2 of the Orcish Mines.
You worshipped Makhleb.
Makhleb was pleased with you.
You visited 4 branches of the dungeon, and saw 15 of its levels.
You also visited: Trove.

You collected 2405 gold pieces.

Inventory:

Hand Weapons
 a - a +0 war axe
 b - a +0 hunting sling
 q - a +2 dagger
 O - a +2 broad axe of venom (weapon)
Missiles
 d - 20 poisoned darts (quivered)
 f - 2 javelins
 h - 324 stones
 j - 2 throwing nets
 F - 4 boomerangs
 R - 5 atropa-tipped darts
Armour
 e - a +0 kite shield (worn)
 l - a +0 plate armour
 p - a +0 helmet
 t - a +0 pair of gloves (worn)
 G - the +0 hat of Tartarus {-Tele rElec rPois rC++}
   (You found it on level 5 of the Dungeon)

   rC:        It greatly protects you from cold.
   rElec:     It insulates you from electricity.
   rPois:     It protects you from poison.
   -Tele:     It prevents most forms of teleportation.
 J - the +3 chain mail of the Cricket {rC+ Str+4}
   (You found it on level 10 of the Dungeon)

   Str:       It affects your strength (+4).
   rC:        It protects you from cold.
 L - the +6 crystal plate armour "Vyamuodd" (worn) {*Corrode rN+++ MP+9 Slay-3}
   (You found it in a treasure trove)

   Slay:      It affects your accuracy & damage with ranged weapons and melee
   (-3).
   rN:        It renders you almost immune to negative energy.
   MP:        It affects your magic capacity (+9).
   *Corrode:  It may corrode you when you take damage.
 M - the +1 hat "Cuser" (worn) {rF- rC++ Will++}
   (You found it in a treasure trove)

   rF:        It makes you vulnerable to fire.
   rC:        It greatly protects you from cold.
   Will:      It greatly increases your willpower.
 P - a +1 pair of boots of rampaging (worn)
 T - a +0 cloak (worn)
Jewellery
 o - an amulet of the acrobat
 A - an amulet of regeneration
 Q - the amulet of Greater Demons (around neck) {Faith rF+ Str+3 Dex+3}
   (You found it in a treasure trove)

   [amulet of faith]

   It allows you to gain divine favour quickly.
   Str:       It affects your strength (+3).
   Dex:       It affects your dexterity (+3).
   rF:        It protects you from fire.
Wands
 g - a wand of flame (24)
 y - a wand of mindburst (7)
 B - a wand of iceblast (14)
Scrolls
 c - a scroll of fear
 k - a scroll of magic mapping
 m - a scroll of torment {unknown}
 n - 3 scrolls of amnesia
 r - a scroll of brand weapon {unknown}
 s - 2 scrolls of enchant weapon {unknown}
 u - 4 scrolls of immolation {unknown}
 w - a scroll of blinking {unknown}
 x - 3 scrolls of fog
 D - 3 scrolls of holy word
 E - a scroll of teleportation
 H - a scroll of vulnerability
 I - 2 scrolls of enchant armour {unknown}
Potions
 i - a potion of brilliance
 v - a potion of attraction
 C - 4 potions of mutation
 K - a potion of magic
Miscellaneous
 N - a tin of tremorstones (2/2)


   Skills:
 + Level 9.9 Fighting
 - Level 2.0 Short Blades
 + Level 17.3 Axes
 - Level 1.7 Throwing
 + Level 8.4 Armour
 - Level 0.7 Dodging
 - Level 3.2 Stealth
 - Level 8.0 Shields
 - Level 10.1 Invocations


You had 11 spell levels left.
You didn't know any spells.
Your spell library contained the following spells:

 Spells                   Type           Power      Damage    Failure   Level
 Magic Dart               Conj           0%         1d3       100%        1
 Summon Small Mammal      Summ           0%         N/A       100%        1
 Searing Ray              Conj           0%         2d4       100%        2
 Call Canine Familiar     Summ           0%         N/A       100%        3
 Dazzling Flash           Conj/Hex       0%         N/A       100%        3
 Frozen Ramparts          Ice            0%         1d2       100%        3
 Gell's Gravitas          Tloc           0%         N/A       100%        3
 Summon Guardian Golem    Hex/Summ       0%         N/A       100%        3
 Teleport Other           Tloc           0%         N/A       100%        3
 Animate Armour           Summ/Erth      0%         N/A       100%        4
 Fulminant Prism          Conj/Hex       0%         3d6       100%        4
 Ice Form                 Ice/Tmut       0%         N/A       100%        4
 Iskenderun's Mystic Bla  Conj/Tloc      0%         2d3       100%        4
 Summon Ice Beast         Ice/Summ       0%         N/A       100%        4
 Blade Hands              Tmut           0%         N/A       100%        5
 Iskenderun's Battlesphe  Conj           0%         2d6       100%        5
 Dispersal                Tloc           0%         N/A       100%        6
 Iron Shot                Conj/Erth      0%         9d1       100%        6
 Starburst                Conj/Fire      0%         6d3       100%        6
 Spellforged Servitor     Conj/Summ      0%         N/A       100%        7


Dungeon Overview and Level Annotations

Branches:
Dungeon (10/15)            Temple (1/1) D:4            Lair (2/6) D:10
    Orc (2/2) D:9             Elf (0/3) Orc:2
  Swamp: Lair:2-4    Shoals: Lair:2-4     Snake: Lair:2-4    Spider: Lair:2-4

Altars:
Cheibriados
Gozag
Makhleb
Okawaru
Qazlal
Ru
Trog
Uskayaw
Xom
Yredelemnul
The Shining One
Beogh

Shops:
Orc:1 :   Orc:2 :(

Annotations:
D:7 1 runed translucent door, Crazy Yiuf
Orc:2 Jorgrun


Message History

Jorgrun points next to you and mumbles some strange words.
The wall shatters!
The blast of rock fragments hits you but does no damage.
You barely miss Jorgrun.
Jorgrun is lightly wounded.
You feel sick.
Jorgrun hits you with a +0 vorpal quarterstaff.
You hit Jorgrun.
Jorgrun looks as sick as possible!
Jorgrun is lightly wounded.
You feel sick.
Jorgrun hits you with a +0 vorpal quarterstaff.
You closely miss Jorgrun.
Jorgrun is lightly wounded.
You feel sick.
You barely miss Jorgrun.
Jorgrun is lightly wounded.
You feel sick. Jorgrun hits you but does no damage.
You closely miss Jorgrun.
Jorgrun is lightly wounded.
You feel sick.
Jorgrun hits you with a +0 vorpal quarterstaff!
* * * LOW HITPOINT WARNING * * *
x2 You feel yourself speed up.
You feel sick. Jorgrun gestures at you while chanting.
Roots burst forth from the earth!
The grasping roots grab you! The grasping roots constrict you.
* * * LOW HITPOINT WARNING * * *
An orc warrior comes into view.
It is wielding a +1 long sword of protection.
The orc warrior is attracted toward you.
As you read the scroll of teleportation, it crumbles to dust.
You feel strangely unstable.
The orc warrior shouts!
You hear a shout! x2
An orc warrior comes into view. It is wielding a +2 vorpal trident.
Jorgrun hits you with a +0 vorpal quarterstaff!
* * * LOW HITPOINT WARNING * * *
Your corrosive artefact corrodes you!
* * * LOW HITPOINT WARNING * * *
The grasping roots constrict you!
You die...

........# #..... ..###
........####.... §.#..##
#....#..........
.....#.##.......P.......
#.......##....P.........
#.o....###.....)....P..
##.......##..P.........#
#.....)).##...8.∩..P..##
#.....g@...............#
#..o.##)###...[[......##
...o #...#..[..[......#.
... ##...[.)......P....
.o ##[.......P....... .
##).........##.#...
##.)).........#.....
##[.))........#......
#)[)...##..........#.


You could see Jorgrun (very poisoned) and 2 orc warriors.

Vanquished Creatures
  A vault guard (D:9)
  A two-headed ogre (D:10)
  An orc high priest (Orc:1)
  5 orc knights
  4 orc sorcerers
  2 black mambas
  5 cane toads (Lair:1)
  Maggie (Lair:1)
  2 komodo dragons
  7 trolls
  A polar bear (Lair:2)
  4 yaks (D:8)
  A wyvern (D:8)
  Grum (Lair:1)
  A steam dragon (D:9)
  A basilisk (Lair:1)
  4 wargs
  4 water moccasins
  20 orc warriors
  An ice beast (D:6)
  3 sky beasts (D:6)
  4 ogres
  2 wolves (Lair:1)
  2 necrophages
  2 centaurs
  Blork the orc (D:4)
  A kobold brigand (D:8)
  4 scorpions
  7 bullfrogs
  2 gnoll sergeants
  A water moccasin zombie (D:5)
  A water moccasin skeleton (D:5)
  23 killer bees
  3 howler monkeys
  2 electric eels (D:10)
  3 centaur zombies
  A bullfrog skeleton (D:6)
  3 hounds
  12 orc priests
  A bullfrog zombie (D:5)
  A jelly (D:6)
  An iguana (D:5)
  A centaur skeleton (D:5)
  2 gnoll shamans
  17 orc wizards
  2 killer bee zombies (D:8)
  A howler monkey zombie (D:10)
  16 gnolls
  A howler monkey skeleton (D:6)
  7 adders
  4 white imps
  3 ufetubi
  An adder skeleton (D:4)
  4 worms
  3 dart slugs
  48 orcs
  4 ball pythons
  5 endoplasms
  6 giant cockroaches
  10 goblins
  5 hobgoblins
  3 jackals (D:2)
  12 kobolds
  4 quokkas
  3 bats
  5 rats
314 creatures vanquished.

Vanquished Creatures (collateral kills)
  A yak (D:8)
  An orc warrior (D:8)
  An orc wizard (D:8)
3 creatures vanquished.

Vanquished Creatures (others)
  16 fungi
  3 plants (Lair:1)
19 creatures vanquished.

Grand Total: 336 creatures vanquished

Notes
Turn   | Place    | Note
-------+----------+-------------------------------------------
     0 | D:1      | jjjjhere the Hill Orc Brigand began the quest for the Orb.
     0 | D:1      | Reached XP level 1. HP: 18/18 MP: 1/1
   317 | D:1      | Reached XP level 2. HP: 26/26 MP: 2/2
   848 | D:1      | Reached XP level 3. HP: 22/34 MP: 3/3
  1527 | D:2      | Found a faded altar of an unknown god.
  1702 | D:3      | Found an opulent altar of Gozag.
  1748 | D:3      | Noticed a scorpion
  1761 | D:3      | Killed a scorpion
  1762 | D:3      | Reached XP level 4. HP: 42/44 MP: 4/4
  1762 | D:3      | Reached XP level 5. HP: 48/50 MP: 5/5
  2983 | D:4      | Reached XP level 6. HP: 55/60 MP: 6/6
  3205 | D:4      | Found a staircase to the Ecumenical Temple.
  3222 | D:4      | Noticed a necrophage
  3230 | Temple   | Entered the Ecumenical Temple
  3239 | Temple   | Became a worshipper of Makhleb the Destroyer
  3283 | D:4      | Killed a necrophage
  3348 | D:4      | Noticed Blork the orc
  3528 | D:4      | Killed Blork the orc
  3529 | D:4      | Reached skill level 1 in Armour
  3910 | D:4      | Reached skill level 3 in Axes
  3910 | D:4      | Reached XP level 7. HP: 68/68 MP: 7/7
  4044 | D:4      | Reached skill level 4 in Axes
  4120 | D:5      | Entered Level 5 of the Dungeon
  4445 | D:5      | HP: 20/68 [scorpion (6)]
  4446 | D:5      | Reached skill level 5 in Axes
  4452 | D:5      | Reached skill level 6 in Axes
  5092 | D:5      | Noticed a troll
  5220 | D:5      | HP: 20/68 [troll (11)]
  5221 | D:5      | Killed a troll
  5222 | D:5      | Reached skill level 8 in Axes
  5222 | D:5      | Reached XP level 8. HP: 21/74 MP: 8/8
  5622 | D:5      | Identified the +0 hat of Tartarus {-Tele rElec rPois rC++}
  5715 | D:5      | Reached * piety under Makhleb
  5716 | D:5      | Reached skill level 9 in Axes
  6457 | D:6      | Reached skill level 10 in Axes
  6861 | D:6      | Reached skill level 11 in Axes
  6861 | D:6      | Reached XP level 9. HP: 81/81 MP: 9/9
  6867 | D:6      | Found a glowing golden altar of the Shining One.
  6924 | D:6      | Found an iron altar of Okawaru.
  7179 | D:6      | Found a hide-covered altar of Uskayaw.
  7235 | D:6      | Reached skill level 12 in Axes
  7502 | D:6      | Found a bloodstained altar of Trog.
  7777 | D:5      | HP: 38/121 [poisoned by a killer bee]
  7781 | D:5      | HP: 18/121 [killer bee (7)]
  7788 | D:5      | HP: 13/121 [killer bee (7)]
  7797 | D:5      | HP: 12/121 [killer bee (2)]
  7807 | D:5      | HP: 7/121 [killer bee (3)]
  7809 | D:5      | HP: 3/121 [killer bee (1)]
  7815 | D:5      | HP: 2/121 [killer bee (1)]
  8175 | D:5      | fuck bees
  8826 | D:6      | Reached skill level 13 in Axes
  8831 | D:6      | HP: 25/81 [poisoned by a killer bee]
  9522 | D:6      | HP: 26/81 [poisoned by a gnoll sergeant]
  9527 | D:6      | HP: 20/81 [poisoned by a gnoll sergeant]
  9972 | D:7      | Reached skill level 1 in Shields
 10931 | D:7      | Reached ** piety under Makhleb
 10974 | D:7      | Reached skill level 5 in Shields
 11225 | D:7      | Found a runed translucent door.
 11226 | D:7      | Noticed Crazy Yiuf
 11301 | D:8      | Identified the +1 robe of the Mackerel {rElec rF- Str+2
                  | Dex+2}
 11678 | D:8      | Reached skill level 1 in Invocations
 11678 | D:8      | Reached XP level 10. HP: 68/88 MP: 10/10
 11841 | D:8      | HP: 28/88 [poisoned by a killer bee]
 11846 | D:8      | HP: 23/88 [poisoned by a killer bee]
 13208 | D:8      | HP: 28/88 [troll (14)]
 13211 | D:8      | HP: 11/88 [troll (3)]
 13759 | D:9      | Reached skill level 14 in Axes
 14072 | D:9      | HP: 29/88 [something (7)]
 14073 | D:9      | Reached skill level 5 in Invocations
 14348 | D:9      | Reached *** piety under Makhleb
 14389 | D:9      | Found a staircase to the Orcish Mines.
 14475 | D:9      | HP: 25/86 [orc priest/divine providence (12)]
 15210 | D:8      | HP: 21/88 [yak (13)]
 15232 | D:8      | HP: 24/88 [yak (4)]
 15773 | D:9      | HP: 28/88 [troll (11)]
 16340 | D:9      | Identified the +4 ring mail of the Eight Souls {Harm Dex+3}
 16673 | D:10     | Entered Level 10 of the Dungeon
 16673 | D:10     | Found a snail-covered altar of Cheibriados.
 16858 | D:10     | Identified the +3 chain mail of the Cricket {rC+ Str+4}
 17175 | D:9      | Reached XP level 11. HP: 85/94 MP: 14/16
 17277 | D:10     | Found a staircase to the Lair.
 17383 | D:10     | Noticed a vault guard
 17409 | D:10     | Noticed a two-headed ogre
 17492 | D:9      | Killed a vault guard
 17493 | D:9      | Reached skill level 15 in Axes
 17667 | D:10     | Found a portal to a secret trove of treasure.
 17700 | Trove    | Entered a treasure trove
 17707 | Trove    | Identified the +6 crystal plate armour "Vyamuodd" {*Corrode
                  | rN+++ MP+9 Slay-3}
 17713 | Trove    | Identified the +1 hat "Cuser" {rF- rC++ Will++}
 17731 | Trove    | Identified the amulet of Greater Demons {Faith rF+ Str+3
                  | Dex+3}
 17933 | D:10     | Killed a two-headed ogre
 18057 | Lair:1   | Entered Level 1 of the Lair of Beasts
 18358 | Lair:1   | Noticed Maggie
 18500 | Lair:1   | Killed Maggie
 18912 | Lair:1   | Noticed Grum
 18929 | Lair:1   | Killed Grum
 19046 | Lair:1   | Reached skill level 5 in Armour
 20017 | Lair:2   | Reached skill level 16 in Axes
 20206 | Lair:2   | Noticed an eight-headed hydra
 20457 | Orc:1    | Entered Level 1 of the Orcish Mines
 20841 | Orc:1    | Found Neom's Book Boutique.
 20898 | Orc:1    | Reached XP level 12. HP: 102/102 MP: 19/19
 21256 | Orc:2    | Entered Level 2 of the Orcish Mines
 21256 | Orc:2    | Found a roughly hewn altar of Beogh.
 21257 | Orc:2    | Noticed an orc high priest
 21278 | Orc:1    | Killed an orc high priest
 21279 | Orc:1    | Reached skill level 10 in Invocations
 21398 | Orc:2    | Noticed a soul eater
 21775 | Orc:2    | Found Kunanis's Antique Weapon Shoppe.
 22140 | Orc:1    | HP: 16/104 [orc knight (46)]
 22152 | Orc:1    | HP: 10/104 [troll[an orc knight] (2)]
 22152 | Orc:1    | HP: 1/104 [troll[an orc knight] (9)]
 22716 | Orc:1    | Reached skill level 17 in Axes
 22950 | Orc:2    | Found a staircase to the Elven Halls.
 22978 | Orc:2    | Noticed a soul eater
 22981 | Orc:2    | Noticed an orc high priest
 23055 | Orc:2    | Noticed an orc warlord
 23160 | Orc:2    | Noticed Jorgrun
 23174 | Orc:2    | HP: 25/106 [Jorgrun (15)]
 23176 | Orc:2    | HP: 7/106 [Jorgrun (11)]
 23176 | Orc:2    | Constricted to death by Jorgrun

Illustrated notes

### ###.##
#####....######
###............@##
####
##....####..####.)##
###..### #..####
##.##
##..####..###.####
.### ##..#
#...#<..## ##..#. ##
####..## #(.....##
##... ##....##
#..###..## #...
###..#### ##..#
##..## #... ##...##
##...# ##..####...
....## ######...##
##..##.###


Turn 8175 on D:5: fuck bees

Levels and vault maps discovered:
D:1:      minmay_arrival_four_circles, layout_rooms
D:2:      layout_rooms, shapermc_ecumenical_altar_hornbeckon
D:3:      layout_basic, grunt_gozag_breadcrumbs, minmay_fountain_box
D:4:      layout_basic, minmay_temple_entry_slanted, serial_curves,
          eino_curves_02, eino_curves_01, uniq_blork_the_orc
D:5:      layout_layer_cave, hex_tiny, kennysheep_generic_room_13
D:6:      layout_loops_cross, okawaru_ov_weapons_minmay,
          nicolae_tso_carved_into_rock, mainiacjoe_overflow_small_starburst,
          mainiacjoe_overflow_alcove_2
D:7:      layout_loops_cross, enter_bailey_4, uniq_crazy_yiuf_cottage
D:8:      layout_basic, serial_curves, eino_curves_02, eino_curves_03
D:9:      layout_layer_cave, erik_orc_4
D:10:     layout_basic, mainiacjoe_overflow_chevrons, lair_entry_dummy,
          enter_trove_5, nrook_loot_triangle
Temple:   compressed_dpeg_circular_temple
Lair:1:   layout_regular_city, uniq_maggie, uniq_grum
Lair:2:   layout_concentric_octagons, nicolae_swamp_entry_splash_gauntlet,
          minmay_shattered_shrine
Orc:1:    layout_caves, serial_shops, shop, nicolae_orc_sculptors_studio
Orc:2:    grunt_orc_gardens, layout_diamond_mine, grunt_orc_garden,
          grunt_orc_garden, grunt_orc_garden, grunt_orc_garden, basic_altar,
          uniq_jorgrun

Skill      XL: |  1  2  3  4  5  6  7  8  9 10 11 12 |
---------------+-------------------------------------+-----
Fighting       | 3 4 6 7 8 9 |  9.9
Armour         | 1 2 6 8 |  8.4
Axes           | 3 8 11 13 14 16 17 | 17.3
Shields        | 6 8 |  8.0
Invocations    | 1 6 9 10 | 10.1
Short Blades   | |  2.0
Throwing       | |  1.7
Dodging        | |  0.7
Stealth        | |  3.2

Action                   |  1- 3 |  4- 6 |  7- 9 | 10-12 || total
-------------------------+-------+-------+-------+-------++-------
Melee: Dagger            |    89 |   119 |    24 |       ||   232
       Punch             |     2 |       |     6 |       ||     8
       Hand axe          |       |       |   328 |       ||   328
       War axe           |       |       |   137 |   279 ||   416
       Unarmed           |       |       |    17 |       ||    17
       Broad axe         |       |       |       |   388 ||   388
 Fire: Hunting sling     |    42 |    69 |   111 |       ||   222
Throw: Dart              |     4 |     3 |    16 |     4 ||    27
       Throwing net      |       |       |       |     1 ||     1
Invok: Minor Destruction |       |       |       |    59 ||    59
       Lesser Servant of |       |       |       |     5 ||     5
Evoke: Wand              |       |       |       |     4 ||     4
  Use: Scroll            |       |     5 |     8 |     4 ||    17
       Potion            |       |       |     5 |     4 ||     9
 Stab: Sleeping          |     1 |       |     3 |       ||     4
       Distracted        |       |     1 |       |       ||     1
       Held in net/web   |       |       |       |     3 ||     3
Armor: Ring mail         |    31 |    42 |   182 |    19 ||   274
       Skin              |       |       |    48 |       ||    48
       Plate armour      |       |       |       |    89 ||    89
       Chain mail        |       |       |       |    15 ||    15
       Crystal plate arm |       |       |       |   265 ||   265
Dodge: Dodged            |    40 |    66 |   234 |   125 ||   465
Block: Kite shield       |       |       |    51 |   343 ||   394
